 Dungeon Crawl Stone Soup version 0.29.1-13-g9f3cf754e1 (webtiles) character file.

Game seed: 2489850207101111958

0 croobank the Sneak (level 1, -1/16 HPs)
             Began as an Octopode Delver on Feb 8, 2023.
             Killed from afar by an orc wizard (9 damage)
             ... with a puff of flame
             ... on level 5 of the Dungeon.
             The game lasted 00:01:28 (143 turns).

croobank the Sneak (Octopode Delver)                 Turns: 143, Time: 00:01:29

Health: -1/16      AC:  1    Str: 11    XL:     1   Next: 0%
Magic:  1/1        EV: 13    Int: 12    God:
Gold:   15         SH:  0    Dex: 13    Spells: 0/0 levels left

rFire   . . .      SeeInvis .   a - +0 hand axe
rCold   . . .      Faith    .   (no shield)
rNeg    . . .      Spirit   .   (helmet restricted)
rPois   .          Reflect  .   (no amulet)
rElec   .          Harm     .   (no ring)
rCorr   .          Rampage  .   (no ring)
Will    .....                   (no ring)
Stlth   ++++......              (no ring)
HPRegen 0.05/turn               (no ring)
MPRegen 0.07/turn               (no ring)
                                (no ring)
                                (no ring)

@: no status effects
A: almost no armour, amphibious, 8 rings, camouflage 1, gelatinous body 1,
(nimble swimmer 1), tentacles
a: no special abilities


You were on level 5 of the Dungeon.
You visited 2 branches of the dungeon, and saw 3 of its levels.

You collected 15 gold pieces.

Inventory:

Hand Weapons
 a - a +0 hand axe (weapon)
Wands
 f - a wand of digging (2)
Scrolls
 b - a scroll of fog
 c - a scroll of vulnerability {unknown}
 d - a scroll of fear
 g - a scroll of silence {unknown}
Potions
 e - a potion of haste


   Skills:
 + Level 3.0 Fighting
 + Level 2.0 Axes
 + Level 2.0 Dodging
 + Level 6.6 Stealth


You couldn't memorise any spells.
You didn't know any spells.
Your spell library was empty.

Dungeon Overview and Level Annotations

Branches:
Dungeon (6/15)             Temple (1/1) D:5

Altars:
Cheibriados
Gozag
Nemelex Xobeh
Okawaru
Ru
Uskayaw
Vehumet
Wu Jian
Lugonu

Portals:
Abyss: D:5


Innate Abilities, Weirdness & Mutations

You cannot wear most types of armour.
You are amphibious.
You can wear up to eight rings at the same time.
Your skin changes colour to match your surroundings (Stealth+).
Your rubbery body absorbs attacks. (AC +1, EV +1)
((You are camouflaged when in or above water. (Stealth+)))
You have tentacles for arms and can constrict up to eight enemies at once.


Message History

You hit the lurking horror.
Your body is wracked with pain!
Found a scroll labelled FAGAUTH NIRA.
You hit the lurking horror.
Your body is wracked with pain!
You start resting.
You hear the slow rusting of a very distant drain.
You start resting.
You hear the slow rusting of a very distant drain.
c - a scroll labelled JISIEM MOL KAUGA
g - a scroll labelled FAGAUTH NIRA
Found 3 stones.
You have 15 gold pieces.
Unknown command.
Found a staircase to the Ecumenical Temple.
An orc comes into view. It is wielding a +0 hand axe.
An orc priest and 2 orcs come into view.
There is a staircase to the Ecumenical Temple here.
The orc shouts!
You hear a shout!
You climb downwards.
Welcome to the Ecumenical Temple!
Found four altars.
There is a staircase back to the Dungeon here.
Found four altars.
There is an opulent altar of Gozag here.
You curl up in front of the altar of Gozag.
Gozag does not accept service from beggars like you!
The service fee for joining is currently 34 gold; you only have 15.
Unknown command.
Press < or > to pray at altars.
You aren't wearing any pieces of armour.
(D) Dungeon (T) Temple
Where to? (? - help)
There is a staircase back to the Dungeon here.
You climb upwards.
You hear the sound of rushing water.
There is an entrance to a sewer on this level.
Hurry and find it before the portal rusts away!
An orc wizard comes into view. It is wielding a +0 dagger.
The orc closely misses you. The orc hits you with a +0 hand axe.
The orc wizard points at you and mumbles some strange words.
The puff of flame hits you!
Ouch! That really hurt!
You die...

,,,****,,,,,,,,,,,,,,,,***,,,**,*
,,,****,**,*####.##,,,,,,,,****,*
*,,,,,<,**,*,......,,.#***** *,,*
**********,,,*o..o.*,,.* *,**
*,,,,,,*,,**,...(#*,.## *,* *
*,****,,,**,,#.#..##..# *,*#
***,****,.**,,##.##..##.# *,,,
8**,,,,,,....##o..##....# ****
,,*****,,.....o.@.......# ###
,,8*,,,,,....##..o##....####.##
,,,+,**,*.**,,##.##..##.......#
,,8*,**,*,,**,,#.#..##...###.##
,,**,**,*,,,**,....##..#.###.####
8**,,**,,,,,,*.....#.....##......
***,****,,,,,.........#####..##..
*,,,* *,,,,.#........*** #..#...
*,*** **,,,*####.....,,* #....#.


You could see an orc wizard and 3 orcs.

Vanquished Creatures
  2 lurking horrors (D:5)
2 creatures vanquished.

Notes
Turn   | Place    | Note
-------+----------+-------------------------------------------
     0 | D:5      | croobank the Octopode Delver began the quest for the Orb.
     0 | D:5      | Reached XP level 1. HP: 16/16 MP: 1/1
    11 | D:6      | Noticed a black bear
    17 | D:5      | Found a one-way gate to the infinite horrors of the Abyss.
    19 | D:5      | Found a corrupted altar of Lugonu.
   120 | D:5      | Found a staircase to the Ecumenical Temple.
   125 | D:5      | Noticed an orc priest
   129 | Temple   | Entered the Ecumenical Temple
   143 | D:5      | Noticed an orc wizard
   143 | D:5      | Killed from afar by an orc wizard

Illustrated notes

Levels and vault maps discovered:
D:5:      layout_loops_cross, old_standard_altar,
          nicolae_dithmenos_shadow_blocks, minmay_temple_entry_waves,
          lightli_sewer_entry_pipes, dk_noncrumbling_4,
          amcnicky_altar_lugonu_corruption, uniq_menkaure
D:6:      layout_rooms, mainiacjoe_overflow_tiny_flanked,
          mainiacjoe_overflow_six_doors_small, nicolae_overflow_hidden_temple
Temple:   hellmonk_temple_two_chambers

Action                   || total
-------------------------++-------
Melee: Hand axe          ||     2
Evoke: Wand              ||     1
  Use: Scroll            ||     1
Dodge: Dodged            ||     1
